 Dungeon Crawl Stone Soup version 0.19.4-8-ga85b6b9 (webtiles) character file.

12625 Kosschaser the Covert (level 11, -2/58 HPs)
             Began as a Vine Stalker Assassin on Feb 12, 2017.
             Was a Priest of Dithmenos.
             Slain by an orc warrior
             ... wielding a +0 scimitar
              (12 damage)
             ... on level 11 of the Dungeon.
             The game lasted 01:42:51 (10633 turns).

Kosschaser the Covert (Vine Stalker Assassin)      Turns: 10633, Time: 01:42:51

Health: -2/58      AC: 10    Str: 13    XL:     11   Next: 96%
Magic:  0/13       EV: 17    Int: 11    God:    Dithmenos [***...]
Gold:   540        SH:  0    Dex: 20    Spells: 0 memorised, 10 levels left

rFire  . . .     SeeInvis .     Z - +3 short sword (freeze)
rCold  + . .     Gourm    .     X - +2 robe {rC+}
rNeg   . . .     Faith    .     (no shield)
rPois  .         Spirit   +     L - +2 helmet
rElec  .         Reflect  .     d - +0 cloak
rCorr  .         Harm     .     p - +0 pair of gloves
MR     +++..                    u - +0 pair of boots
Stlth  ++++++++..               (no amulet)
                                g - ring of protection from magic
                                K - ring of protection from magic

@: lethally poisoned (-2 -> -2), wreathed by umbra
A: fangs 3, sense surroundings 1, regeneration 1, magic shield, antimagic bite,
no device heal 3, rot immunity
a: Shadow Step, Renounce Religion


You were on level 11 of the Dungeon.
You worshipped Dithmenos.
Dithmenos was most pleased with you.
You were hungry.

You visited 2 branches of the dungeon, and saw 13 of its levels.
You also visited: Ossuary and Ice Cave.

You collected 540 gold pieces.

Inventory:

Hand Weapons
 b - a +0 blowgun
 J - a +2 dagger of venom
 Z - a +3 short sword of freezing (weapon)
Missiles
 e - 121 poisoned needles
 f - 2 curare-tipped needles
Armour
 d - a +0 cloak (worn)
 p - a +0 pair of gloves (worn)
 u - a +0 pair of boots (worn)
 L - a +2 helmet (worn)
 X - a +2 robe of cold resistance (worn)
Jewellery
 a - an uncursed ring of resist corrosion
 g - a ring of protection from magic (right hand)
 E - an uncursed ring of protection from fire
 H - an uncursed ring of positive energy
 K - a ring of protection from magic (left hand)
 P - an uncursed ring of protection from fire
 V - an uncursed ring of poison resistance
 W - a cursed ring of ice
Wands
 w - a wand of digging (2/24)
 O - a wand of paralysis (15/24)
 Q - a wand of iceblast (1/15)
 S - a wand of paralysis (4/24)
 T - a wand of confusion (14/48)
 U - a wand of confusion (28/48)
Scrolls
 c - 2 scrolls of recharging {unknown}
 h - 4 scrolls of fog {unknown}
 j - 5 scrolls of remove curse
 n - a scroll of amnesia
 q - a scroll of enchant weapon {unknown}
 y - a scroll of magic mapping
 N - a scroll of blinking {unknown}
 Y - a scroll of immolation {unknown}
Potions
 k - a potion of flight
 l - 7 potions of curing
 o - a potion of agility {unknown}
 s - a potion of mutation {unknown}
 t - 3 potions of resistance
 v - 3 potions of cure mutation {unknown}
 z - 3 potions of ambrosia {unknown}
 A - 2 potions of haste {unknown}
 B - 3 potions of might {unknown}
 C - 2 potions of invisibility {unknown}
 G - a potion of berserk rage {unknown}
 I - 4 potions of heal wounds {unknown}
Books
 x - a book of Misfortune

   Spells                             Type                      Level
   a - Confusing Touch                Hexes                        1
   b - Confuse                        Hexes                        3
   c - Gell's Gravitas                Hexes/Translocation          3
   d - Petrify                        Transmutation/Earth          4
   e - Metabolic Englaciation         Hexes/Ice                    5
   f - Yara's Violent Unravelling     Hexes/Transmutation          5
Comestibles
 i - a royal jelly
 r - 3 meat rations
 D - a bread ration
 F - 2 beef jerkies


   Skills:
 + Level 6.7 Fighting
 + Level 9.0 Short Blades
 + Level 4.5 Throwing
 + Level 7.0 Dodging
 + Level 14.1 Stealth
 + Level 0.4 Invocations
 + Level 2.1 Evocations


You had 10 spell levels left.
You didn't know any spells.

Dungeon Overview and Level Annotations

Branches:
Dungeon (12/15)            Temple (1/1) D:7            Lair (0/6) D:11
    Orc (0/2) D:11

Altars:
Ashenzari
Cheibriados
Dithmenos
Elyvilon
Fedhas
Gozag
Nemelex Xobeh
Qazlal
Ru
Xom
Zin

Annotations:
D:9 r0y's ghost, novice MiBe
D:12 cba's ghost, journeyman OpAs


Innate Abilities, Weirdness & Mutations

You have razor-sharp teeth.
Your natural rate of healing is unusually fast.
When hurt, damage is shared between your health and your magic reserves.
Your bite disrupts and absorbs the magic of your enemies.
Potions and wands cannot restore your health.
You are immune to rotting.
You passively map a small area around you.


Message History

The orc priest looks encouraged for a moment.
There is a stone staircase leading up here.
The orc warrior hits you but does no damage.
You climb upwards.
The orc warrior hits you with an enchanted short sword!
The orc warrior hits you with a glaive of venom!
* * * LOW HITPOINT WARNING * * *
The big kobold misses you. The orc warrior misses you.
There is a stone staircase leading down, spattered with blood here.
The orc warrior barely misses you.
The big kobold hits you with a whip of venom!
* * * LOW HITPOINT WARNING * * *
You are poisoned.
You feel sick.
You feel sick.
You feel sick. The orc warrior barely misses you.
You feel sick.
The orc warrior hits you with a scimitar!
You die...

#..........##.#.#8g
#....".>...##.#.#*#
#..........####..,,
########...o......## ##.,*
#..................####.,,
#..........o.....#....##..
#........Ko...............
#.........o.......##..##..
#>.......@........#.......
########..................
#..................
#..................
##.................
##.......##.......
##..##..##.......
###########...#..##.#.###.
#.........#.#)#..##.#.####


You could see 4 orc warriors and a big kobold.

Vanquished Creatures
  Rupert (D:12)
  A hill giant (D:10)
  2 ugly things (IceCv)
  2 cyclopes (D:11)
  Maurice (D:8)
  A gargoyle (D:10)
  The ghost of letownia the Sneak, a novice OpWz (D:5)
  Prince Ribbit (D:8)
  3 two-headed ogres
  Sigmund (D:5)
  A wyvern (D:10)
  A yak (D:11)
  2 hungry ghosts
  A vampire mosquito (D:12)
  A water moccasin (D:8)
  2 sky beasts
  An orc warrior (D:8)
  2 phantoms
  An eye of draining (D:9)
  11 ice beasts
  4 centaurs
  7 ogres
  A crocodile (D:10)
  2 big kobolds
  5 bullfrogs
  A gnoll sergeant (D:11)
  2 water moccasin zombies (Ossuary)
  4 scorpions
  A killer bee (D:10)
  11 wights
  4 howler monkeys
  3 crimson imps
  A centaur zombie (D:7)
  2 bullfrog zombies
  A bullfrog skeleton (D:7)
  An orc priest (D:8)
  5 hounds
  2 jellies
  A centaur skeleton (D:6)
  4 iguanas
  Natasha (thrice) (D:3)
  7 worker ants
  6 orc wizards
  2 big kobold zombies (Ossuary)
  A hound zombie (D:8)
  A hound skeleton (D:4)
  3 mummies
  A worker ant zombie (D:7)
  10 adders
  3 gnolls (D:7)
  A shadow imp (D:6)
  12 white imps (D:11)
  2 adder skeletons
  4 adder zombies (Ossuary)
  5 worms
  4 dart slugs
  9 leopard geckos
  18 orcs
  4 giant cockroaches
  4 gnoll zombies (Ossuary)
  4 hobgoblins
  10 jackals
  11 kobolds
  5 quokkas
  2 ball pythons
  5 bats
  5 frilled lizards
  14 goblins
  3 hobgoblin zombies (Ossuary)
  5 kobold zombies (Ossuary)
  7 orc zombies (Ossuary)
  9 rats
279 creatures vanquished.

Vanquished Creatures (others)
  Fannar (D:10)
  A hobgoblin zombie (Ossuary)
2 creatures vanquished.

Grand Total: 281 creatures vanquished

Notes
Turn   | Place    | Note
-------+----------+-------------------------------------------
     0 | D:1      | Kosschaser the Vine Stalker Assassin began the quest for the Orb.
     0 | D:1      | Reached XP level 1. HP: 11/11 MP: 2/2
    72 | D:1      | Reached skill level 5 in Stealth
   203 | D:1      | Reached XP level 2. HP: 6/15 MP: 1/3
   406 | D:1      | Reached XP level 3. HP: 3/18 MP: 1/4
   475 | D:1      | Reached skill level 1 in Dodging
  1101 | D:2      | Gained mutation: Your natural rate of healing is unusually fast. [Vine Stalker growth]
  1101 | D:2      | Reached XP level 4. HP: 4/23 MP: 1/5
  1306 | D:2      | Found a shimmering altar of Xom.
  1668 | D:3      | Reached skill level 6 in Stealth
  1749 | D:3      | Noticed Natasha
  1780 | D:3      | Killed Natasha
  1780 | D:3      | Reached XP level 5. HP: 21/26 MP: 4/6
  2330 | D:3      | Noticed Natasha
  2340 | D:3      | Killed Natasha
  2386 | D:3      | Noticed Natasha
  2407 | D:3      | Killed Natasha
  3208 | D:4      | Reached XP level 6. HP: 31/32 MP: 7/7
  3229 | D:4      | You fall through a shaft!
  3229 | D:5      | Entered Level 5 of the Dungeon
  3321 | D:5      | Found a sand-covered staircase.
  3332 | D:5      | Reached skill level 7 in Stealth
  3384 | Ossuary  | Entered an ossuary
  3603 | Ossuary  | Reached XP level 7. HP: 34/35 MP: 8/8
  3770 | D:5      | Noticed letownia's ghost (novice OpWz)
  3796 | D:5      | Killed letownia's ghost
  3796 | D:5      | Reached skill level 8 in Stealth
  3876 | D:5      | Noticed Sigmund
  3879 | D:5      | Killed Sigmund
  3879 | D:5      | Reached skill level 9 in Stealth
  3879 | D:5      | Gained mutation: You have razor-sharp teeth. [Vine Stalker growth]
  3879 | D:5      | Reached XP level 8. HP: 40/40 MP: 9/9
  3966 | D:5      | You fall through a shaft for 2 floors!
  4184 | D:5      | Found an opulent altar of Gozag.
  4184 | D:5      | Found a shadowy altar of Dithmenos.
  4186 | D:5      | Found a sparkling altar of Nemelex Xobeh.
  4186 | D:5      | Found a shattered altar of Ashenzari.
  4186 | D:5      | Found a glowing silver altar of Zin.
  4186 | D:5      | Found a stormy altar of Qazlal.
  4192 | D:5      | Became a worshipper of Dithmenos the Shadowed
  4425 | D:4      | Found a blossoming altar of Fedhas.
  4545 | D:4      | Found a white marble altar of Elyvilon.
  4649 | D:4      | Reached skill level 10 in Stealth
  5039 | D:6      | Reached skill level 5 in Short Blades
  5144 | D:6      | Found Wusanoim's Weapon Shoppe.
  5591 | D:7      | Reached XP level 9. HP: 44/45 MP: 10/10
  5712 | D:7      | Reached skill level 11 in Stealth
  5716 | D:7      | Reached * piety under Dithmenos
  5872 | D:7      | Found a staircase to the Ecumenical Temple.
  5881 | Temple   | Entered the Ecumenical Temple
  6037 | D:7      | Found a blossoming altar of Fedhas.
  6587 | D:8      | HP: 2/46 [orc warrior/mace of protection (13)]
  6874 | D:8      | Reached ** piety under Dithmenos
  7138 | D:8      | Noticed Prince Ribbit
  7146 | D:8      | Killed Prince Ribbit
  7147 | D:8      | Noticed Maurice
  7194 | D:8      | Killed Maurice
  7194 | D:8      | Reached skill level 5 in Fighting
  7194 | D:8      | Reached XP level 10. HP: 51/51 MP: 11/11
  7590 | D:9      | Noticed r0y's ghost (novice MiBe)
  7814 | D:9      | Reached skill level 12 in Stealth
  8306 | D:10     | Entered Level 10 of the Dungeon
  8442 | D:10     | Noticed Fannar
  8641 | D:10     | Reached skill level 5 in Dodging
  8672 | D:10     | HP: 2/51 [Fannar/Ozocubu's Refrigeration (20)]
  8672 | D:10     | Killed Fannar
  8672 | D:10     | Reached skill level 1 in Evocations
  9057 | D:10     | Reached *** piety under Dithmenos
  9296 | D:10     | Reached skill level 13 in Stealth
  9364 | D:11     | Noticed a gargoyle
  9424 | D:10     | Reached XP level 11. HP: 17/56 MP: 5/12
  9445 | D:11     | Found a staircase to the Lair.
  9445 | D:11     | Noticed a cyclops
  9451 | D:11     | Killed a cyclops
  9457 | D:11     | Noticed a cyclops
  9464 | D:11     | Killed a cyclops
  9474 | D:11     | Found a frozen archway.
  9485 | D:11     | Noticed a hill giant
  9502 | IceCv    | Entered an ice cave
  9502 | IceCv    | Noticed a white ugly thing
  9506 | IceCv    | Killed a white ugly thing
  9652 | IceCv    | Noticed a white ugly thing
  9655 | IceCv    | Killed a white ugly thing
  9857 | D:10     | Killed a hill giant
 10319 | D:11     | Gained mutation: You passively map a small area around you. [potion of beneficial mutation]
 10350 | D:11     | Found a staircase to the Orcish Mines.
 10418 | D:12     | Noticed Rupert
 10507 | D:12     | Killed Rupert
 10507 | D:12     | Reached skill level 14 in Stealth
 10607 | D:12     | Noticed cba's ghost (journeyman OpAs)
 10633 | D:11     | Slain by an orc warrior

Skill      XL: |  1  2  3  4  5  6  7  8  9 10 11 |
---------------+----------------------------------+-----
Stealth        | 5 6 7 9 10 11 13 14 | 14.1
Short Blades   | 2 3 4 5 7 9 |  9.0
Throwing       | 2 3 4 |  4.5
Dodging        | 1 2 4 5 7 |  7.0
Fighting       | 2 3 4 5 6 |  6.7
Evocations     | 1 2 |  2.1
Invocations    | |  0.4

Action                   |  1- 3 |  4- 6 |  7- 9 | 10-12 || total
-------------------------+-------+-------+-------+-------++-------
Melee: Dagger            |    78 |   194 |   364 |   413 ||  1049
       Bite              |    13 |    66 |   148 |   215 ||   442
       Unarmed           |       |     1 |       |       ||     1
       Short sword       |       |       |       |   113 ||   113
 Fire: Blowgun           |    15 |    21 |     9 |    11 ||    56
Invok: Shadow Step       |       |       |       |     4 ||     4
Evoke: Wand              |       |       |     3 |    10 ||    13
  Use: Scroll            |       |     2 |     8 |     7 ||    17
       Potion            |       |       |       |     3 ||     3
 Stab: Sleeping          |     8 |    27 |    19 |    24 ||    78
       Distracted        |       |     1 |     2 |     1 ||     4
  Eat: Pizza             |       |     1 |     1 |     1 ||     3
       Bread ration      |       |     1 |       |     2 ||     3
       Meat ration       |       |     1 |     1 |       ||     2
       Fruit             |       |       |     1 |     3 ||     4
       Royal jelly       |       |       |     1 |       ||     1
Armor: Robe              |    18 |    46 |    44 |    75 ||   183
Dodge: Dodged            |    38 |    76 |   202 |   349 ||   665
